 Dungeon Crawl Stone Soup version 0.19.3 (webtiles) character file.

6402 Mefis the Thaumaturge (level 10, -1/50 HPs)
             Began as a Deep Elf Wizard on Jan 22, 2017.
             Was a Priest of Sif Muna.
             Slain by Paps's ghost (8 damage)
             ... on level 9 of the Dungeon.
             The game lasted 00:46:46 (15094 turns).

Mefis the Thaumaturge (Deep Elf Wizard)            Turns: 15094, Time: 00:46:47

Health: -1/50      AC: 11    Str:  4    XL:     10   Next: 66%
Magic:  23/27      EV: 15    Int: 27    God:    Sif Muna [***...]
Gold:   393        SH:  0    Dex: 13    Spells: 10 memorised, 4 levels left

rFire  . . .     SeeInvis .     H - +4 quarterstaff (chaos)
rCold  . . .     Gourm    .     a - +0 robe
rNeg   . . .     Faith    .     (shield currently unavailable)
rPois  .         Spirit   .     p - +0 helmet
rElec  .         Reflect  .     I - +0 cloak
rCorr  .         Harm     .     u - +2 pair of gloves
MR     +....                    (no boots)
Stlth  ++........               (no amulet)
                                (no ring)
                                k - +4 ring of protection

@: repel missiles, heavily drained
A: no striking features
a: Divine Energy, Channel Magic, Renounce Religion


You were on level 9 of the Dungeon.
You worshipped Sif Muna.
Sif Muna was most pleased with you.
You were not hungry.

You visited 2 branches of the dungeon, and saw 10 of its levels.
You also visited: Ossuary and Bailey.

You collected 393 gold pieces.

Inventory:

Hand Weapons
 n - a +0 hunting sling
 F - a +1 flail of crushing
 H - a +4 quarterstaff of chaos (weapon)
 S - a +1 whip of freezing
Missiles
 m - 47 poisoned needles
 r - 7 throwing nets (quivered)
 v - 63 sling bullets
Armour
 a - a +0 robe (worn)
 b - a +0 hat
 p - a +0 helmet (worn)
 u - a +2 pair of gloves (worn)
 I - a +0 cloak (worn)
Magical Staves
 M - an uncursed staff of summoning
Jewellery
 h - an uncursed ring of fire
 k - a +4 ring of protection (left hand)
Wands
 D - a wand of polymorph (16/24)
 L - a wand of slowing (27/48)
 Q - a wand of flame (8/48)
Scrolls
 j - a scroll of enchant armour
 o - 3 scrolls of remove curse
 w - 3 scrolls of fog
 y - 3 scrolls of immolation
 B - a scroll of teleportation {unknown}
 C - a scroll of holy word {unknown}
 N - a scroll of enchant weapon
 P - 3 scrolls of amnesia
 T - a scroll of noise {unknown}
 U - a scroll of brand weapon {unknown}
Potions
 e - 6 potions of curing
 g - a potion of heal wounds
 i - 2 potions of might {unknown}
 l - a potion of degeneration {unknown}
 q - 3 potions of berserk rage
 s - 3 potions of resistance
 t - 2 potions of mutation {unknown}
 x - a potion of cure mutation {unknown}
 z - a potion of brilliance {unknown}
 E - a potion of lignification {unknown}
 G - a potion of cancellation {unknown}
 J - a potion of haste {unknown}
 K - a potion of magic {unknown}
 O - a potion of agility {unknown}
Books
 c - a book of Minor Magic

   Spells                             Type                      Level
   a - Magic Dart                     Conjuration                  1
   b - Blink                          Translocation                2
   c - Call Imp                       Summoning                    2
   d - Repel Missiles                 Charms/Air                   2
   e - Slow                           Hexes                        2
   f - Conjure Flame                  Conjuration/Fire             3
   g - Mephitic Cloud                 Conjuration/Poison/Air       3
 A - a book of Misfortune

   Spells                             Type                      Level
   a - Confusing Touch                Hexes                        1
   b - Confuse                        Hexes                        3
   c - Gell's Gravitas                Hexes/Translocation          3
   d - Petrify                        Transmutation/Earth          4
   e - Metabolic Englaciation         Hexes/Ice                    5
   f - Yara's Violent Unravelling     Hexes/Transmutation          5
Comestibles
 d - 3 bread rations


   Skills:
 + Level 6.9(5.3) Dodging
 - Level 5.3(3.7) Stealth
 * Level 11.1(9.2) Spellcasting
 + Level 5.5(3.9) Conjurations
 + Level 6.2(4.6) Hexes
 - Level 1.1(0.0) Summonings
 - Level 1.1(0.0) Translocations
 + Level 2.6(1.1) Transmutations
 + Level 4.9(3.3) Ice Magic
 - Level 4.2(2.7) Air Magic
 + Level 2.6(1.1) Earth Magic
 - Level 4.6(3.0) Poison Magic
 + Level 4.2(2.7) Invocations
 + Level 4.0(2.4) Evocations


You had 4 spell levels left.
You knew the following spells:

 Your Spells              Type           Power        Failure   Level  Hunger
a - Magic Dart            Conj           ####         1%          1    None
b - Call Imp              Summ           ##......     10%         2    None
c - Blink                 Tloc           N/A          10%         2    None
d - Repel Missiles        Chrm/Air       ###...       4%          2    None
e - Mephitic Cloud        Conj/Pois/Air  ####....     3%          3    None
f - Conjure Flame         Conj/Fire      ###.....     10%         3    None
g - Slow                  Hex            #####...     1%          2    None
h - Petrify               Tmut/Erth      ###.....     28%         4    None
q - Metabolic Englaciati  Hex/Ice        ####......   28%         5    ####...
w - Gell's Gravitas       Hex/Tloc       ####......   6%          3    None


Dungeon Overview and Level Annotations

Branches:
Dungeon (9/15)             Temple (1/1) D:4
   Lair: D:8-11         Orc: D:9-12

Altars:
Ashenzari
Cheibriados
Dithmenos
Elyvilon
Fedhas
Gozag
Hepliaklqana
Kikubaaqudgha
Makhleb
Nemelex Xobeh
Okawaru
Qazlal
Ru
Sif Muna
Trog
Uskayaw
Vehumet
Xom
Yredelemnul
Zin
The Shining One

Annotations:
D:8 Gastronok
D:9 Paps's ghost, novice GrFi


Message History

You hit Paps's ghost but do no damage.
Paps's ghost is heavily damaged.
Paps's ghost is no longer moving slowly.
Paps's ghost is engulfed in roaring flames.
Paps's ghost hits you!
You feel drained.
You hit Paps's ghost but do no damage.
Paps's ghost is heavily damaged.
Paps's ghost is engulfed in roaring flames.
Paps's ghost hits you.
You feel drained.
Paps's ghost is engulfed in roaring flames.
Paps's ghost hits you!
* * * LOW HITPOINT WARNING * * *
You feel drained.
* * * LOW HITPOINT WARNING * * *
Casting: Conjure Flame
Confirm with . or Enter, or press ? or * to list all spells.
You blink.
Paps's ghost is engulfed in roaring flames.
Paps's ghost hits you!
You die...

###### #############
###..... #...........#
######### .'.....
...)........###.......#
#.....
#.............#.@.....#
#.....
#...........#.#W5.....#
#.....
#...........#ยงยง.......'.
#.....
#...........###.......##
#..... ##.##########
######'## #..... #[## .#
###'## #.<# # #... ##.##
#. #### #..# ####'###### #


You could see a quasit and Paps's ghost.

Vanquished Creatures
  Erolcha (D:8)
  Pikel (D:7)
  A troll (D:8)
  2 hippogriffs
  A hungry ghost (D:9)
  Edmund (D:5)
  2 sky beasts (D:7)
  An ice beast (D:5)
  An orc warrior (D:7)
  2 slaves (D:7)
  2 black bears
  4 ogres
  A centaur (D:8)
  A big kobold (D:8)
  2 bullfrogs
  8 gnoll sergeants (Bailey)
  2 elf skeletons (D:7)
  10 scorpions
  2 howler monkeys
  4 crimson imps
  A bullfrog zombie (D:5)
  3 centaur zombies (Ossuary)
  3 bullfrog skeletons
  9 hounds
  Crazy Yiuf (D:5)
  3 orc priests
  A centaur skeleton (D:5)
  6 gnoll shamans (Bailey)
  2 orc wizards (D:9)
  3 human skeletons (D:7)
  A human zombie (Ossuary)
  An iguana (D:8)
  4 worker ants
  A big kobold zombie (Ossuary)
  3 hound skeletons
  A mummy (Ossuary)
  21 gnolls
  2 scorpion zombies (Ossuary)
  8 adders
  2 shadow imps
  3 oozes
  4 worms
  2 dart slugs
  5 leopard geckos
  28 orcs
  10 bats
  6 giant cockroaches
  9 goblins
  5 hobgoblins
  5 jackals
  10 kobolds
  6 quokkas
  5 ball pythons
  4 frilled lizards
  2 gnoll zombies (Ossuary)
  A goblin zombie (Ossuary)
  A hobgoblin zombie (Ossuary)
  2 kobold zombies (Ossuary)
  3 orc zombies
  9 rats
245 creatures vanquished.

Vanquished Creatures (collateral kills)
  A hornet (D:8)
  Grinder (D:4)
  Sigmund (D:3)
  2 scorpions
  An orc priest (D:5)
  A mummy (Ossuary)
  3 gnolls (Bailey)
  An adder (D:2)
  A scorpion zombie (Ossuary)
  A leopard gecko (D:2)
  An orc (D:5)
  A giant cockroach (D:2)
  A hobgoblin (D:2)
  A kobold (D:2)
  An orc zombie (Ossuary)
18 creatures vanquished.

Vanquished Creatures (others)
  Prince Ribbit (D:7)
  3 scorpions (Ossuary)
  A hound (D:7)
  An orc wizard (D:7)
  A mummy (Ossuary)
  2 orcs (D:7)
  A goblin zombie (Ossuary)
  A kobold zombie (Ossuary)
11 creatures vanquished.

Grand Total: 274 creatures vanquished

Notes
Turn   | Place    | Note
-------+----------+-------------------------------------------
     0 | D:1      | Mefis the Deep Elf Wizard began the quest for the Orb.
     0 | D:1      | Reached XP level 1. HP: 10/10 MP: 7/7
   308 | D:1      | Reached XP level 2. HP: 10/15 MP: 2/9
   312 | D:1      | Learned a level 2 spell: Call Imp
   315 | D:1      | Learned a level 2 spell: Blink
   318 | D:1      | Learned a level 2 spell: Repel Missiles
   504 | D:1      | Reached skill level 5 in Spellcasting
   809 | D:1      | Reached XP level 3. HP: 17/19 MP: 0/11
   814 | D:1      | Learned a level 3 spell: Mephitic Cloud
  1772 | D:2      | Found a burning altar of Makhleb.
  1946 | D:2      | Reached XP level 4. HP: 24/24 MP: 11/13
  1951 | D:2      | Learned a level 3 spell: Conjure Flame
  2372 | D:2      | Found a hazy altar of Hepliaklqana.
  2485 | D:2      | Reached skill level 1 in Air Magic
  2501 | D:2      | Reached skill level 6 in Spellcasting
  2633 | D:2      | Found a sacrificial altar of Ru.
  2634 | D:2      | Found a stormy altar of Qazlal.
  2749 | D:3      | Learned a level 2 spell: Slow
  2795 | D:3      | Reached skill level 1 in Poison Magic
  2795 | D:3      | Reached XP level 5. HP: 28/28 MP: 8/15
  2931 | D:3      | Noticed Sigmund
  2940 | D:3      | Killed Sigmund
  2940 | D:3      | Reached skill level 1 in Hexes
  3135 | D:3      | Found a sacrificial altar of Ru.
  3474 | D:5      | Entered Level 5 of the Dungeon
  3711 | D:5      | Reached XP level 6. HP: 9/32 MP: 3/17
  4061 | D:4      | Noticed Grinder
  4228 | D:4      | Paralysed by Grinder for 6 turns
  4236 | D:4      | Paralysed by Grinder for 3 turns
  4240 | D:4      | Paralysed by Grinder for 6 turns
  4250 | D:4      | Killed Grinder
  4250 | D:4      | Reached skill level 7 in Spellcasting
  4418 | D:4      | Reached XP level 7. HP: 36/36 MP: 9/19
  4585 | D:4      | Found a shimmering altar of Xom.
  4929 | D:4      | Found a staircase to the Ecumenical Temple.
  4938 | Temple   | Entered the Ecumenical Temple
  4995 | Temple   | Became a worshipper of Sif Muna the Loreminder
  5025 | Temple   | Learned a level 5 spell: Metabolic Englaciation
  5643 | D:5      | Noticed Edmund
  5704 | D:5      | Killed Edmund
  5704 | D:5      | Reached skill level 1 in Ice Magic
  5897 | D:5      | Found a shattered altar of Ashenzari.
  5948 | D:5      | Reached skill level 8 in Spellcasting
  5948 | D:5      | Reached XP level 8. HP: 41/41 MP: 9/22
  6354 | D:5      | Found a runed door.
  6467 | D:5      | Noticed Crazy Yiuf
  6476 | D:5      | Killed Crazy Yiuf
  6476 | D:5      | Reached skill level 5 in Stealth
  6634 | D:6      | Reached * piety under Sif Muna
  6755 | D:6      | Found a shattered altar of Ashenzari.
  6879 | D:6      | Found a glowing silver altar of Zin.
  7622 | D:7      | Reached skill level 5 in Dodging
  7770 | D:7      | Found a sand-covered staircase.
  7796 | Ossuary  | Entered an ossuary
  8084 | Ossuary  | Reached skill level 1 in Invocations
  8098 | Ossuary  | Reached skill level 9 in Spellcasting
  8725 | Ossuary  | Reached XP level 9. HP: 38/45 MP: 1/24
  8847 | Ossuary  | Reached skill level 1 in Evocations
  9176 | D:7      | Reached ** piety under Sif Muna
  9313 | D:7      | Found a sparkling altar of Nemelex Xobeh.
  9313 | D:7      | Found an opulent altar of Gozag.
  9439 | D:7      | Noticed Pikel
  9479 | D:7      | Killed Pikel
  9560 | D:7      | Killed Prince Ribbit
 10469 | D:8      | Found a flagged portal.
 10492 | Bailey   | Entered a bailey
 10502 | Bailey   | Reached skill level 10 in Spellcasting
 10634 | Bailey   | Learned a level 4 spell: Petrify
 10638 | Bailey   | Learned a level 3 spell: Gell's Gravitas
 11154 | Bailey   | Reached skill level 5 in Hexes
 11496 | Bailey   | Reached skill level 1 in Earth Magic
 11578 | Bailey   | Reached skill level 1 in Transmutations
 11610 | Bailey   | Reached *** piety under Sif Muna
 11867 | D:8      | Reached XP level 10. HP: 50/50 MP: 19/26
 12902 | D:9      | Reached skill level 5 in Conjurations
 13103 | D:9      | Noticed Gastronok
 13107 | D:9      | Noticed Paps's ghost (novice GrFi)
 13776 | D:9      | Noticed Erolcha
 13922 | D:8      | Killed Erolcha
 14565 | D:9      | Reached skill level 11 in Spellcasting
 15094 | D:9      | Slain by Paps's ghost

Skill      XL: |  1  2  3  4  5  6  7  8  9 10 |
---------------+-------------------------------+-----
Spellcasting   | 5 6 7 8 9 10 11 | 11.1
Stealth        | 3 4 5 |  5.3
Conjurations   | 2 3 4 5 |  5.5
Dodging        | 3 4 5 6 |  6.9
Air Magic      | 1 2 3 4 |  4.2
Poison Magic   | 1 2 3 4 |  4.6
Hexes          | 1 2 3 4 5 6 |  6.2
Ice Magic      | 1 2 4 |  4.9
Invocations    | 1 3 4 |  4.2
Evocations     | 3 4 |  4.0
Earth Magic    | 1 2 |  2.6
Transmutations | 1 2 |  2.6
Summonings     | |  1.1
Translocations | |  1.1

Action                   |  1- 3 |  4- 6 |  7- 9 | 10-12 || total
-------------------------+-------+-------+-------+-------++-------
Melee: Dagger            |     2 |     9 |     1 |       ||    12
       Flail             |       |       |    52 |       ||    52
       Quarterstaff      |       |       |    38 |    44 ||    82
       Spear             |       |       |       |    15 ||    15
Throw: Throwing net      |       |       |     2 |       ||     2
 Cast: Magic Dart        |   111 |   125 |   437 |   183 ||   856
       Repel Missiles    |     1 |     1 |     1 |     1 ||     4
       Call Imp          |       |    11 |    23 |     5 ||    39
       Mephitic Cloud    |       |     5 |    46 |    22 ||    73
       Slow              |       |     3 |       |     1 ||     4
       Conjure Flame     |       |     1 |    25 |    15 ||    41
       Blink             |       |       |     5 |    10 ||    15
Evoke: Wand              |       |       |     1 |       ||     1
  Use: Scroll            |       |       |    15 |     1 ||    16
       Potion            |       |       |     2 |       ||     2
 Stab: Sleeping          |       |     5 |     4 |     1 ||    10
       Confused          |       |       |     3 |     4 ||     7
  Eat: Chunk             |     3 |     4 |     8 |     4 ||    19
       Meat ration       |       |     1 |     3 |       ||     4
       Bread ration      |       |       |       |     1 ||     1
Armor: Robe              |     2 |     6 |    73 |    29 ||   110
Dodge: Dodged            |    21 |    18 |   198 |    82 ||   319
       Deflected         |     1 |       |     2 |     2 ||     5
